 Dungeon Crawl Stone Soup version 0.17-a0-2002-g92c7e20 (webtiles) character file.

83 4thArraOfDagon the Bolt Thrower (level 4, -2/32 HPs)
             Began as an Octopode Hunter on Oct 8, 2015.
             Slain by a phantom (9 damage)
             ... on level 4 of the Dungeon.
             The game lasted 00:04:34 (795 turns).

4thArraOfDagon the Bolt Thrower (Octopode Hunter)    Turns: 795, Time: 00:04:34

Health: -2/32      AC:  1    Str: 11    XL:     4   Next: 44%
Magic:  4/4        EV: 12    Int: 14    God:
Gold:   114        SH:  4    Dex: 12    Spells: 0 memorised, 3 levels left

rFire  . . .     SeeInvis .     f - +2 dagger (drain)
rCold  . . .     Clarity  .     g - +1 buckler
rNeg   . . .     SustAt   .     (helmet restricted)
rPois  .         Gourm    .     h - amulet of resist corrosion
rElec  .         Spirit   .     (no ring)
rCorr  +         Warding  .     (no ring)
rMut   .         Stasis   .     (no ring)
MR     .....                    (no ring)
Stlth  +++.......               (no ring)
                                (no ring)
                                (no ring)
                                (no ring)

@: lethally poisoned (-2 -> -3), not resistant to hostile enchantments, fairly
stealthy
A: almost no armour, amphibious, 8 rings, constrict 8, camouflage 1, gelatinous
body 1
a: no special abilities


You were on level 4 of the Dungeon.
You were not hungry.

You visited 1 branch of the dungeon, and saw 4 of its levels.

You collected 114 gold pieces.

Inventory:

Hand Weapons
 a - a +1 hand crossbow
 c - a +0 short sword
 f - a +2 dagger of draining (weapon)
 i - a +1 dagger of freezing
Missiles
 b - 63 bolts
Armour
 g - a +1 buckler (worn)
Jewellery
 h - an amulet of resist corrosion (around mantle)
Scrolls
 e - 2 scrolls of teleportation
 j - 2 scrolls of fog
 k - 3 scrolls of identify
Comestibles
 d - 4 bread rations


   Skills:
 + Level 3.6 Fighting
 - Level 4.0 Crossbows
 + Level 3.3 Dodging
 - Level 1.3 Stealth


You had 3 spell levels left.
You didn't know any spells.

Dungeon Overview and Level Annotations

Branches:
Dungeon (4/15)
 Temple: D:4-7

Altars:
Makhleb

Annotations:
D:4 Noname's ghost, amateur HuWn


Innate Abilities, Weirdness & Mutations

You cannot wear most types of armour.
You are amphibious.
You can wear up to eight rings at the same time.
You can use your tentacles to constrict eight enemies at once.
Your skin changes colour to match your surroundings (Stealth).
Your rubbery body absorbs attacks (AC +1).


Message History

The phantom blinks!
The worker ant closely misses you.
Unknown command.
Unknown command.
Unknown command.
Unknown command.
You hit the worker ant but do no damage.
You drain the worker ant! You grab the worker ant.
The worker ant is almost dead.
You constrict the worker ant, but do no damage.
You block the worker ant's attack. The worker ant bites you.
* * * LOW HITPOINT WARNING * * *
You are poisoned.
The worker ant poisons you!
Unknown command.
Unknown command.
You hit the worker ant but do no damage.
You drain the worker ant!
You kill the worker ant!
You feel sick. The phantom hits you!
You die...

#.. #'# #..# #..
#..###..# ### #../....+
+.. #.......# .. #..
#(......# ...####+##'#
#(......###+#...........
#(....W.'...#...........
#†@##..#...........
###..##..#...........
#.....+..'...........
#.....#..#...........
##...##..#...........
..##...##..###....####.
#........'....#....# #.
#........#....'....# #.
###############....# #.


You could see a phantom.

Vanquished Creatures
  An orc priest (D:4)
  A worker ant (D:4)
  2 giant geckos
  2 orcs
  A ball python (D:2)
  2 giant cockroaches (D:1)
  A goblin (D:2)
  2 hobgoblins (D:2)
  6 bats
  4 kobolds
  3 rats
25 creatures vanquished.

Notes
Turn   | Place    | Note
--------------------------------------------------------------
     0 | D:1      | 4thArraOfDagon the Octopode Hunter began the quest for the Orb.
     0 | D:1      | Reached XP level 1. HP: 14/14 MP: 1/1
   146 | D:1      | Reached XP level 2. HP: 18/20 MP: 2/2
   277 | D:2      | Found a burning altar of Makhleb.
   277 | D:2      | Noticed a balrug
   571 | D:3      | Reached XP level 3. HP: 25/25 MP: 3/3
   627 | D:4      | Noticed a phantom
   734 | D:4      | Reached XP level 4. HP: 14/31 MP: 4/4
   753 | D:4      | Noticed Noname's ghost (amateur HuWn)
   795 | D:4      | Slain by a phantom

Vault maps used:
D:1:      dpeg_arrival_lava_altar, minmay_misc_feat_chi, minivault_11
D:2:      lemuel_coloured_pillars_altar, makhleb_altar_promises_db
D:3:      lightli_temple_of_fire
D:4:      first_bread, kennysheep_opposing_triangles, uniq_natasha

Action                   |  1- 3 |  4- 6 || total
-------------------------+-------+-------++-------
Melee: Unarmed           |     3 |       ||     3
       Dagger            |    35 |     6 ||    41
 Fire: Hand crossbow     |    10 |     3 ||    13
  Use: Scroll            |     4 |     1 ||     5
       Potion            |     1 |       ||     1
 Stab: Sleeping          |     2 |       ||     2
